 Dungeon Crawl Stone Soup version 0.26.1-11-gd32895ea62 (webtiles) character file.

Game seed: 16130485631117499454

1460 Zeld the Thrower (level 8, 0/50 HPs)
             Began as an Octopode Gladiator on May 15, 2021.
             Was a Follower of Wu Jian.
             Slain by a sky beast (6 damage)
             ... on level 6 of the Dungeon.
             The game lasted 00:13:07 (11351 turns).

Zeld the Thrower (Octopode Gladiator)              Turns: 11351, Time: 00:13:10

Health: 0/50       AC:  1    Str: 15    XL:     8   Next: 76%
Magic:  16/16      EV: 14    Int: 11    God:    Wu Jian [*.....]
Gold:   378        SH:  0    Dex: 13    Spells: 17/17 levels left

rFire    . . .     SeeInvis +   a - +0 quarterstaff
rCold    . . .     Faith    .   (shield currently unavailable)
rNeg     . . .     Spirit   .   b - +0 hat
rPois    .         Reflect  .   v - amulet of the acrobat
rElec    .         Harm     .   c - ring of see invisible
rCorr    .         Rampage  .   (no ring)
Will     .....                  (no ring)
Stlth    ++........             (no ring)
HPRegen  0.16/turn              (no ring)
MPRegen  0.15/turn              (no ring)
                                (no ring)
                                (no ring)

@: no status effects
A: almost no armour, stealthy swim, amphibious, 8 rings, constrict 8, camouflage
1, gelatinous body 1
a: Renounce Religion


You were on level 6 of the Dungeon.
You worshipped Wu Jian.
Wu Jian was aware of your devotion.
You visited 2 branches of the dungeon, and saw 7 of its levels.

You collected 378 gold pieces.

Inventory:

Hand Weapons
 a - a +0 quarterstaff (weapon)
Missiles
 d - 154 stones (quivered)
 x - 5 boomerangs
Armour
 b - a +0 hat (worn)
Jewellery
 c - a ring of see invisible (left tentacle)
 v - an amulet of the acrobat (around mantle)
Wands
 p - a wand of random effects (19)
Scrolls
 e - a scroll of amnesia
 f - a scroll of magic mapping
 g - 6 scrolls of remove curse
 i - a scroll of enchant weapon {unknown}
 k - a scroll of immolation {unknown}
 l - 2 scrolls of enchant armour {unknown}
 m - 3 scrolls of teleportation {unknown}
 n - a scroll of random uselessness {unknown}
 u - 2 scrolls of identify
 y - a scroll of blinking {unknown}
Potions
 j - 2 potions of degeneration {unknown}
 o - a potion of berserk rage {unknown}
 q - a potion of brilliance {unknown}
 r - a potion of might {unknown}
 s - a potion of curing {unknown}
 t - 2 potions of magic {unknown}
 w - a potion of heal wounds


   Skills:
 - Level 2.0 Fighting
 * Level 4.8 Staves
 - Level 8.0 Throwing
 - Level 3.0 Dodging
 + Level 5.4 Spellcasting


You had 17 spell levels left.
You didn't know any spells.
Your spell library contained the following spells:

 Spells                   Type           Power        Failure   Level
 Confusing Touch          Hex            2%           52%         3
 Gell's Gravitas          Tloc           1%           52%         3
 Petrify                  Tmut/Erth      2%           90%         4
 Metabolic Englaciation   Hex/Ice        1%           99%         5
 Yara's Violent Unravell  Hex/Tmut       1%           99%         5


Dungeon Overview and Level Annotations

Branches:
Dungeon (6/15)             Temple (1/1) D:5

Altars:
Ashenzari
Cheibriados
Dithmenos
Elyvilon
Fedhas
Gozag
Hepliaklqana
Kikubaaqudgha
Makhleb
Nemelex Xobeh
Okawaru
Qazlal
Ru
Sif Muna
Trog
Uskayaw
Vehumet
Wu Jian
Xom
Yredelemnul
Zin
The Shining One

Shops:
D:5 (

Annotations:
D:4 Dowan, Duvessa


Innate Abilities, Weirdness & Mutations

You cannot wear most types of armour.
You are very stealthy in the water. (Stealth+)
You are amphibious.
You can wear up to eight rings at the same time.
You can use your tentacles to constrict eight enemies at once.
Your skin changes colour to match your surroundings (Stealth+).
Your rubbery body absorbs attacks. (AC +1, EV +1)


Message History

You closely miss the sky beast. Your squeeze misses the sky beast.
The sky beast is heavily wounded.
The sky beast closely misses you.
You miss the sky beast.
The sky beast is heavily wounded.
The sky beast closely misses you.
You barely miss the sky beast. Your squeeze misses the sky beast.
The sky beast is heavily wounded.
The sky beast barely misses you.
You hit the sky beast. You squeeze the sky beast.
The sky beast is severely wounded.
The sky beast hits you. The sky beast shocks you.
You closely miss the sky beast.
The sky beast is severely wounded.
The sky beast hits you. The sky beast shocks you.
* * * LOW HITPOINT WARNING * * *
The sky beast hits you.
* * * LOW HITPOINT WARNING * * *
The sky beast shocks you.
You die...

....
##..######..###..
.... ##..##
##..##.. .....
##..#### ##...>.
......##..##..###
##....
......#..## ....#
##... ........##
...... ##..
.........##......
##.
.....##..........
## .....
#..@Y(((((( #
...# ##...(.....
### #.........
#...#.(...
##.####### ###


You could see a sky beast (invisible).

Vanquished Creatures
  Eustachio (D:4)
  A sky beast (D:6)
  An ice beast (D:5)
  2 phantoms
  A centaur (D:5)
  2 bullfrogs (D:6)
  A scorpion (D:5)
  A centaur zombie (D:6)
  A bullfrog skeleton (D:4)
  2 hounds
  4 orc priests
  5 orc wizards
  4 worker ants
  Robin (D:2)
  7 adders
  A howler monkey skeleton (D:6)
  3 shadow imps
  A white imp (D:5)
  An adder zombie (D:5)
  An adder skeleton (D:6)
  2 worms
  2 dart slugs
  A leopard gecko (D:5)
  16 orcs
  8 giant cockroaches
  23 goblins
  10 hobgoblins
  2 jackals (D:3)
  2 quokkas
  4 bats
  6 frilled lizards
  A giant cockroach zombie (D:6)
  A jackal zombie (D:5)
  11 kobolds
  A leopard gecko skeleton (D:5)
  4 rats
135 creatures vanquished.

Notes
Turn   | Place    | Note
-------+----------+-------------------------------------------
     0 | D:1      | Zeld the Octopode Gladiator began the quest for the Orb.
     0 | D:1      | Reached XP level 1. HP: 14/14 MP: 1/1
   191 | D:1      | Reached XP level 2. HP: 17/19 MP: 2/2
   696 | D:1      | Reached skill level 1 in Spellcasting
   841 | D:1      | Reached skill level 3 in Throwing
   841 | D:1      | Reached XP level 3. HP: 24/24 MP: 4/4
  1765 | D:2      | Reached XP level 4. HP: 29/29 MP: 6/6
  1775 | D:2      | Noticed Robin
  2198 | D:2      | Killed Robin
  2795 | D:3      | Reached skill level 4 in Throwing
  3598 | D:3      | Reached XP level 5. HP: 28/34 MP: 8/8
  4020 | D:3      | Reached skill level 5 in Throwing
  4146 | D:3      | Found a faded altar of an unknown god.
  4146 | D:3      | Found a radiant altar of Vehumet.
  4164 | D:3      | Reached XP level 6. HP: 13/39 MP: 8/10
  4291 | D:3      | Found an ancient bone altar of Kikubaaqudgha.
  4295 | D:3      | Found a stormy altar of Qazlal.
  4297 | D:3      | Found an iron altar of Okawaru.
  5140 | D:4      | Noticed a phantom
  5187 | D:4      | Killed a phantom
  5510 | D:4      | Reached skill level 6 in Throwing
  5510 | D:4      | Reached XP level 7. HP: 17/45 MP: 10/12
  5698 | D:4      | Found a white marble altar of Elyvilon.
  5907 | D:4      | Found a basalt altar of Yredelemnul.
  5971 | D:4      | Noticed Eustachio
  6300 | D:4      | Killed Eustachio
  6494 | D:4      | Noticed Duvessa
  6496 | D:4      | Noticed Dowan
  6777 | D:5      | Entered Level 5 of the Dungeon
  7266 | D:5      | Found a hazy altar of Hepliaklqana.
  7301 | D:5      | Found a staircase to the Ecumenical Temple.
  7745 | Temple   | Entered the Ecumenical Temple
  7819 | Temple   | Became a worshipper of the Wu Jian Council
  8309 | D:5      | Found Hientenu's Weapon Boutique.
  8393 | D:5      | Reached skill level 7 in Throwing
  9042 | D:5      | Reached XP level 8. HP: 32/50 MP: 14/14
 10293 | D:6      | Reached skill level 8 in Throwing
 10349 | D:6      | Reached skill level 5 in Spellcasting
 10358 | D:6      | Reached * piety under Wu Jian
 11351 | D:6      | Slain by a sky beast

Illustrated notes

Levels and vault maps discovered:
D:1:      lightli_arrival_isolated_outpost, layout_loops_ring
D:2:      layout_basic, minmay_tetromino_t2, uniq_robin
D:3:      cheibrodos_greedy_goblins, layout_basic,
          chequers_temple_overflow_minitemple, grunt_ministairs_7
D:4:      layout_loops_cross, yredelemnul_altar_generic, minivault_26,
          elyvilon_altar_1, uniq_eustachio, uniq_duvessa
D:5:      layout_basic, nzn_hepliaklqana_mist_gate,
          minmay_temple_entry_enclosed_plants, serial_shops,
          nicolae_shop_behind_doors
D:6:      layout_cave_pods
Temple:   eino_temple_scatter_basement

Skill      XL: |  1  2  3  4  5  6  7  8 |
---------------+-------------------------+-----
Spellcasting   | 1 2 3 4 5 |  5.4
Throwing       | 3 4 5 6 7 8 |  8.0
Staves         | 4 |  4.8
Fighting       | |  2.0
Dodging        | |  3.0

Action                   |  1- 3 |  4- 6 |  7- 9 || total
-------------------------+-------+-------+-------++-------
Melee: Quarterstaff      |    39 |   116 |   164 ||   319
       Constrict         |    13 |    26 |    29 ||    68
       Tentacles         |    10 |    22 |    39 ||    71
Throw: Stone             |   105 |   133 |    92 ||   330
Invok: Lunge             |       |       |    11 ||    11
       Whirlwind         |       |       |     1 ||     1
Evoke: Wand              |       |       |     1 ||     1
  Use: Scroll            |       |     4 |     2 ||     6
       Potion            |       |     1 |       ||     1
 Stab: Sleeping          |     1 |       |     4 ||     5
Armor: Skin              |     8 |     6 |     5 ||    19
Dodge: Dodged            |    28 |    75 |   132 ||   235
